 Dungeon Crawl Stone Soup version 0.30.0-11-gf55b779eaf (webtiles) character file.

Game seed: 1040844209138869260

187 ragingrage the Vexing (level 5, -1/38 HPs)
             Began as a Demigod Enchanter on May 17, 2023.
             Slain by a kobold brigand
             ... wielding a +0 dagger
              (3 damage)
             ... in a sewer.
             The game lasted 00:06:03 (3005 turns).

ragingrage the Vexing (Demigod Enchanter)           Turns: 3005, Time: 00:06:04

Health: -1/38      AC:  4    Str:  9    XL:     5   Next: 15%
Magic:  4/10       EV: 12    Int: 21    God:
Gold:   201        SH:  0    Dex: 14    Spells: 2/7 levels left

rFire   + . .        a - +2 long sword (elec)
rCold   . . .        (no shield)
rNeg    . . .        t - +0 robe
rPois   +            (no helmet)
rElec   .            (no cloak)
rCorr   .            s - +1 pair of gloves
SInv    .            (no boots)
Will    .....        x - amulet of the acrobat
Stlth   +            j - ring of poison resistance
HPRegen 0.26/turn    v - ring of protection from fire
MPRegen 0.12/turn

%: acrobat
@: invisible, very slow
A: high MP 1, forlorn, divine attributes
a: no special abilities


You were in a sewer.
You visited 1 branch of the dungeon, and saw 4 of its levels.
You also visited: Sewer.

You collected 201 gold pieces.

Inventory:

Hand Weapons
 a - a +2 long sword of electrocution (weapon)
 b - a +1 dagger
 d - a +0 sling
 u - a +0 rapier of freezing
Armour
 q - a +0 ring mail
 s - a +1 pair of gloves (worn)
 t - a +0 robe (worn)
Jewellery
 j - a ring of poison resistance (left hand)
 v - a ring of protection from fire (right hand)
 x - an amulet of the acrobat (around neck)
Scrolls
 e - a scroll of blinking {unknown}
 f - 2 scrolls of poison {unknown}
 h - a scroll of amnesia {unknown}
 i - 2 scrolls of brand weapon {unknown}
 k - 3 scrolls of identify {unknown}
 l - a scroll of noise {unknown}
 n - 2 scrolls of magic mapping {unknown}
 o - a scroll of fear {unknown}
 p - a scroll of vulnerability {unknown}
 r - 2 scrolls of teleportation {unknown}
Potions
 c - a potion of invisibility
 g - 2 potions of ambrosia {unknown}
 m - a potion of cancellation
 w - a potion of attraction {unknown}


   Skills:
 - Level 2.5(2.7) Short Blades
 + Level 1.1(2.0) Long Blades
 - Level 1.7 Dodging
 - Level 2.6 Stealth
 - Level 1.7 Spellcasting
 + Level 4.0 Hexes
 - Level 2.1 Ice Magic


You had 2 spell levels left.
You knew the following spells:

 Your Spells              Type           Power      Damage    Failure   Level
a - Ensorcelled Hibernat  Hex/Ice        28%        N/A       6%          2
b - Confusing Touch       Hex            18%        N/A       9%          3

Your spell library contained the following spells:

 Spells                   Type           Power      Damage    Failure   Level
 Magic Dart               Conj           4%         1d3       16%         1
 Call Imp                 Summ           2%         N/A       22%         2
 Tukima's Dance           Hex            18%        N/A       9%          3
 Dazzling Flash           Conj/Hex       20%        N/A       21%         3
 Mephitic Cloud           Conj/Pois/Air  1%         N/A       41%         3


Dungeon Overview and Level Annotations

Branches:
Dungeon (4/15)              Sewer (1/1)
 Temple: D:4-7

Annotations:
D:2 exclusion: downstairs
D:3 Jessica


Innate Abilities, Weirdness & Mutations

You have an increased reservoir of magic. (+10% MP)
You shall have no god before yourself.
Your divine heritage dramatically boosts your attributes as you level up.


Message History

You are very lightly contaminated with residual magic.
Nothing appears to happen.
The kobold brigand closely misses you.
Aiming: Ensorcelled Hibernation (safe; 6% risk of failure)
Aim: a kobold brigand, wielding a +0 dagger and quivering curare-tipped darts (chance to affect: 48%)
The kobold brigand looks drowsy...
The helpless kobold brigand fails to defend itself.
You puncture the kobold brigand!
The kobold brigand hits you with a +0 dagger.
You hear the crackle of electricity.
a - a +2 long sword of electrocution (weapon)
You hit the kobold brigand.
Lightning courses through the kobold brigand!
The kobold brigand hits you but does no damage.
The kobold brigand misses you.
You barely miss the kobold brigand.
The kobold brigand hits you with a +0 dagger!
Your unstable footing causes you to fumble your attack.
The kobold brigand hits you with a +0 dagger.
You barely miss the kobold brigand.
The kobold brigand hits you with a +0 dagger.
The kobold brigand closely misses you.
Your magical contamination has completely faded away.
You closely miss the kobold brigand.
The kobold brigand hits you but does no damage.
You closely miss the kobold brigand.
The kobold brigand completely misses you.
Your unstable footing causes you to fumble your attack.
The kobold brigand hits you with a +0 dagger.
* * * LOW HITPOINT WARNING * * *
You barely miss the kobold brigand.
The kobold brigand closely misses you. x2
You closely miss the kobold brigand.
The kobold brigand hits you with a +0 dagger!
* * * LOW HITPOINT WARNING * * *
You fade into invisibility!
The kobold brigand closely misses you.
Unknown command.
The kobold brigand attacks as you move away!
The kobold brigand hits you with a +0 dagger.
You die...

..... ... ...
~.~ #w# #r# #K#
##@## ##..~##
#...∩~#
≈≈≈≈~~∩..~~~~...
####...~~####...
##.~.## ##≈##
#≈# #≈#


You could see a kobold brigand, a worm and a rat.

Vanquished Creatures
  An iguana (D:4)
  4 gnolls
  3 adders
  3 worms
  2 dart slugs (D:4)
  8 orcs
  4 bats
  9 endoplasms
  2 giant cockroaches
  7 goblins
  3 hobgoblins
  A quokka (D:4)
  9 ball pythons
  2 frilled lizards (D:3)
  6 kobolds
  12 rats
76 creatures vanquished.

Notes
Turn   | Place    | Note
-------+----------+-------------------------------------------
     0 | D:1      | ragingrage the Demigod Enchanter began the quest for the
                  | Orb.
     0 | D:1      | Reached XP level 1. HP: 14/14 MP: 5/5
    45 | D:1      | Reached skill level 1 in Short Blades
   215 | D:1      | Reached skill level 3 in Hexes
   287 | D:1      | Reached XP level 2. HP: 20/20 MP: 7/7
   292 | D:1      | Learned a level 2 spell: Ensorcelled Hibernation
  1529 | D:2      | Reached XP level 3. HP: 21/26 MP: 3/8
  1797 | D:3      | Noticed Jessica
  1880 | D:2      | Reached skill level 1 in Ice Magic
  1936 | D:2      | Reached XP level 4. HP: 8/33 MP: 0/9
  2824 | D:4      | Reached XP level 5. HP: 34/38 MP: 10/10
  2866 | D:4      | Reached skill level 4 in Hexes
  2880 | D:4      | Reached skill level 1 in Long Blades
  2941 | D:4      | Learned a level 3 spell: Confusing Touch
  2971 | D:4      | Found a glowing drain.
  2978 | Sewer    | Entered a sewer
  3003 | Sewer    | HP: 1/38 [kobold brigand/+0 dagger (7)]
  3005 | Sewer    | Slain by a kobold brigand

Illustrated notes

Levels and vault maps discovered:
D:1:      sevenhm_arrival_forest_fort_small_3, layout_loops_cross,
          shapermc_ecumenical_altar_acropolis
D:2:      layout_loops_ring, basic_altar, kennysheep_generic_room_4
D:3:      kennysheep_six_static_rooms, layout_rooms, uniq_jessica
D:4:      layout_basic, chequers_temple_overflow_statue_of_worship,
          lightli_sewer_entry_pipes, minmay_starry_boxes
Sewer:    sewer_co_15_rooms

Skill      XL: |  1  2  3  4  5 |
---------------+----------------+-----
Short Blades   | 1 2 |  2.5
Hexes          | 3 4 |  4.0
Ice Magic      | 1 2 |  2.1
Long Blades    | 1 |  1.1
Dodging        | |  1.7
Stealth        | |  2.6
Spellcasting   | |  1.7

Action                     |  1- 3 |  4- 6 || total
---------------------------+-------+-------++-------
  Melee: Dagger            |   121 |     4 ||   125
         Punch             |     1 |       ||     1
         Rapier            |       |    27 ||    27
         Long sword        |       |    59 ||    59
   Cast: Ensorcelled Hiber |    14 |    12 ||    26
    Use: Potion            |     4 |     1 ||     5
   Stab: Sleeping          |    14 |     9 ||    23
 Armour: Robe              |    23 |    20 ||    43
  Dodge: Dodged            |    68 |    68 ||   136
